 Dungeon Crawl Stone Soup version 0.19.1 (webtiles) character file.

142 M4edhros the Insei (level 5, -1/36 HPs)
             Began as an Octopode Chaos Knight on Dec 25, 2016.
             Slain by Grinder (6 damage)
             ... on level 3 of the Dungeon.
             The game lasted 00:03:31 (6287 turns).

M4edhros the Insei (Octopode Chaos Knight)          Turns: 6287, Time: 00:03:31

Health: -1/36      AC:  1    Str: 17    XL:     5   Next: 25%
Magic:  5/5        EV: 19    Int: 14    God:    Xom [...*..]
Gold:   73         SH:  0    Dex: 17    Spells: 0 memorised, 4 levels left

rFire  . . .     SeeInvis .     i - +0 dagger (venom)
rCold  . . .     Gourm    .     (no shield)
rNeg   . . .     Faith    .     (helmet restricted)
rPois  .         Spirit   .     (no amulet)
rElec  .         Reflect  .     (no ring)
rCorr  .         Harm     .     (no ring)
MR     .....                    (no ring)
Stlth  +++++.....               (no ring)
                                (no ring)
                                (no ring)
                                (no ring)
                                (no ring)

@: mighty, agile, lethally poisoned (-1 -> -3)
A: almost no armour, stealthy swim, amphibious, 8 rings, constrict 8, camouflage
2, gelatinous body 1
a: Renounce Religion


You were on level 3 of the Dungeon.
You worshipped Xom.
You were a favourite toy of Xom.
You were very hungry.

You visited 1 branch of the dungeon, and saw 3 of its levels.

You collected 73 gold pieces.

Inventory:

Hand Weapons
 i - a +0 dagger of venom (weapon)
Missiles
 n - 19 arrows
Scrolls
 c - a scroll of noise {unknown}
 d - 3 scrolls of remove curse {unknown}
 e - 2 scrolls of immolation {unknown}
 j - a scroll of identify {unknown}
Potions
 g - a potion of cancellation {unknown}
 h - a potion of might
 k - a potion of agility
 l - a potion of magic {unknown}
 m - a potion of resistance {unknown}
Books
 o - a book of the Dragon

   Spells                             Type                      Level
   a - Flame Tongue                   Conjuration/Fire             1
   b - Cause Fear                     Hexes                        4
   c - Bolt of Fire                   Conjuration/Fire             6
   d - Dragon Form                    Transmutation                7
   e - Dragon's Call                  Summoning                    9
Comestibles
 a - 3 bread rations
 b - 2 meat rations


   Skills:
 - Level 3.0 Fighting
 - Level 2.3 Dodging
 + Level 5.8 Unarmed Combat


You had 4 spell levels left.
You didn't know any spells.

Dungeon Overview and Level Annotations

Branches:
Dungeon (3/15)

Altars:

Annotations:
D:3 Grinder


Innate Abilities, Weirdness & Mutations

You cannot wear most types of armour.
You are very stealthy in the water. (Stealth+)
You are amphibious.
You can wear up to eight rings at the same time.
You can use your tentacles to constrict eight enemies at once.
Your skin blends seamlessly with your surroundings (Stealth++).
Your rubbery body absorbs attacks. (AC +1, EV +1)


Message History

You hit Grinder but do no damage. Your grab misses Grinder.
Grinder is heavily wounded.
Grinder closely misses you.
You barely miss Grinder. You grab Grinder. You squeeze Grinder.
Grinder is heavily wounded.
You constrict Grinder, but do no damage.
You feel sick. Grinder gestures at you. Pain shoots through your body!
* * * LOW HITPOINT WARNING * * *
It was a potion of might.
You feel very mighty all of a sudden.
Xom roars with laughter!
You constrict Grinder.
Grinder struggles to blink free from constriction.
It was a potion of agility.
You feel agile all of a sudden.
You constrict Grinder. Grinder hits you.
You die...
Xom laughs nastily!

≈* ≈ ##### ≈* #...#
≈≈#######...## *** #
≈≈#..........####*,..#
≈##......###....##...###***
****
*#.......##..........(..,,,,
,,,*
##.......##....§##......,, *
,*
.........##....§@§..#,****,
*,* .........'#....5§§.<#,*
*,* * *
.........##.#..†.##.#,****,
*** *
#....###....#.......#,,
,*,,,,,,* .....#
*#####.###.###,* ,*** ****
#....# #.#**.# **** * #....#
#. ,,.# ,,* #....# * * *##*
*## , ** * #....., ,, ,,,
*** **, , *


You could see Grinder.

Vanquished Creatures
  An orc priest (D:3)
  An orc wizard (D:3)
  2 adders (D:3)
  A worm (D:2)
  3 dart slugs
  2 leopard geckos
  3 orcs
  5 bats
  2 giant cockroaches
  3 goblins
  8 hobgoblins
  3 jackals (D:1)
  8 kobolds
  A quokka (D:2)
  2 ball pythons (D:1)
  3 frilled lizards (D:1)
  8 rats
56 creatures vanquished.

Notes
Turn   | Place    | Note
-------+----------+-------------------------------------------
     0 | D:1      | M4edhros the Octopode Chaos Knight began the quest for the Orb.
     0 | D:1      | Reached XP level 1. HP: 16/16 MP: 1/1
    42 | D:1      | Reached XP level 2. HP: 15/21 MP: 2/2
   400 | D:1      | XOM: harmless Hex miscast
   806 | D:1      | XOM: divination: magic mapping
   988 | D:1      | XOM is BORED!
   988 | D:1      | XOM: harmless Erth miscast
  1361 | D:1      | XOM: silly message
  1440 | D:1      | Reached skill level 4 in Unarmed Combat
  1734 | D:1      | Reached XP level 3. HP: 24/26 MP: 3/3
  1786 | D:1      | XOM: cloud trail
  2169 | D:1      | XOM: divination: detect items
  2351 | D:1      | XOM is BORED!
  3959 | D:2      | XOM is BORED!
  3959 | D:2      | XOM: 3-stop teleportation journey
  3973 | D:2      | XOM: noise
  4670 | D:2      | XOM: harmless Erth miscast
  5129 | D:2      | XOM: 1-stop teleportation journey
  5234 | D:2      | XOM is BORED!
  5234 | D:2      | XOM: 3-stop teleportation journey
  5266 | D:2      | Reached XP level 4. HP: 30/31 MP: 4/4
  5393 | D:3      | Reached skill level 5 in Unarmed Combat
  5478 | D:3      | Reached XP level 5. HP: 30/36 MP: 5/5
  5547 | D:3      | XOM: divination: magic mapping
  5568 | D:3      | XOM: god gift: scroll labeled GARPHAD XAIKLA {god gift}
  5570 | D:3      | XOM: cloud trail
  5684 | D:3      | XOM: give mutation
  5684 | D:3      | Gained mutation: Your skin blends seamlessly with your surroundings (Stealth++). [Xom's grace]
  5689 | D:3      | Found a faded altar of an unknown god.
  5689 | D:3      | XOM: 1-stop teleportation journey
  6214 | D:3      | XOM: confusion (+ monsters)
  6225 | D:3      | XOM: confuse monster(s)
  6227 | D:3      | XOM: confuse monster(s)
  6275 | D:3      | Noticed Grinder
  6282 | D:3      | Paralysed by Grinder for 2 turns
  6283 | D:3      | XOM: smoke on damage
  6287 | D:3      | Slain by Grinder

Skill      XL: |  1  2  3  4 |
---------------+-------------+-----
Unarmed Combat | 4 5 |  5.8
Fighting       | |  3.0
Dodging        | |  2.3

Action                   |  1- 3 |  4- 6 || total
-------------------------+-------+-------++-------
Melee: Unarmed           |    29 |       ||    29
       Constrict         |    30 |    11 ||    41
       Tentacles         |    19 |     8 ||    27
       Punch             |     2 |     2 ||     4
       Dagger            |    69 |    33 ||   102
  Use: Potion            |       |     3 ||     3
       Scroll            |       |     1 ||     1
 Stab: Sleeping          |     3 |       ||     3
       Distracted        |       |     1 ||     1
  Eat: Chunk             |    12 |     3 ||    15
Armor: Skin              |     5 |       ||     5
Dodge: Dodged            |    58 |    19 ||    77
